 Seeded DCSS version 0.29.1-1-gd02db6906a (webtiles) character file.

Game seed: 2387645567842811425 (custom seed)

168 lonewolfV2 the Shield-Bearer (level 5, -2/33 HPs)
             Began as a Gargoyle Fighter on Oct 18, 2022.
             Slain by a gnoll
             ... wielding a +0 spear
              (5 damage)
             ... on level 3 of the Dungeon.
             The game lasted 00:04:06 (2949 turns).

lonewolfV2 the Shield-Bearer (Gargoyle Fighter)     Turns: 2949, Time: 00:04:07

Health: -2/33      AC: 14    Str: 23    XL:     5   Next: 49%
Magic:  5/5        EV: 13    Int:  9    God:
Gold:   1138       SH:  5    Dex: 17    Spells: 4/4 levels left

rFire   . . .      SeeInvis .   g - +8 rapier "Gac Bonweugg" {vorpal, *Corrode rC+++ Will- Str+4 Stlth+}
rCold   + + +      Faith    .   b - +0 buckler
rNeg    + . .      Spirit   .   m - +3 scale mail {rPois}
rPois   ∞          Reflect  .   (no helmet)
rElec   +          Harm     .   (no cloak)
rCorr   .          Rampage  .   (no gloves)
Will    .....                   (no boots)
Stlth   +.........              (no amulet)
HPRegen 0.11/turn               f - +4 ring of evasion
MPRegen 0.09/turn               o - +6 ring of dexterity

@: no status effects
A: sickness immunity, AC +4, negative energy resistance 1, electricity
resistance, torment resistance 1, petrification resistance
a: no special abilities


You were on level 3 of the Dungeon.
You visited 1 branch of the dungeon, and saw 3 of its levels.

You collected 1138 gold pieces.

Inventory:

Hand Weapons
 g - the +8 rapier "Gac Bonweugg" (weapon) {vorpal, *Corrode rC+++ Will- Str+4 Stlth+}
   (You acquired it on level 1 of the Dungeon)

   It inflicts extra damage upon your enemies.
   Str:       It affects your strength (+4).
   rC:        It renders you almost immune to cold.
   *Corrode:  It may corrode you when you take damage.
   Will:      It decreases your willpower.
   Stlth:     It makes you more stealthy.
Missiles
 q - 2 throwing nets (quivered)
Armour
 a - a +0 scale mail
 b - a +0 buckler (worn)
 m - a +3 scale mail of poison resistance (worn)
Jewellery
 f - a +4 ring of evasion (left hand)
 o - a +6 ring of dexterity (right hand)
Scrolls
 j - a scroll of teleportation
 l - a scroll of magic mapping
Potions
 c - a potion of might
 d - 4 potions of curing {unknown}
 e - a potion of magic {unknown}
 i - a potion of haste {unknown}
 n - a potion of flight {unknown}
 p - a potion of lignification {unknown}
 r - a potion of cancellation {unknown}
 s - a potion of degeneration {unknown}


   Skills:
 + Level 4.1 Fighting
 * Level 1.8 Short Blades
 + Level 4.1 Armour
 + Level 4.2 Shields
 + Level 3.0 Unarmed Combat


You had 4 spell levels left.
You didn't know any spells.
Your spell library contained the following spells:

 Spells                   Type           Power      Damage    Failure   Level
 Confusing Touch          Hex            0%         N/A       98%         3
 Gell's Gravitas          Tloc           0%         N/A       98%         3
 Lesser Beckoning         Tloc           0%         N/A       98%         3
 Teleport Other           Tloc           0%         N/A       98%         3
 Yara's Violent Unravell  Hex/Tmut       0%         3d3       100%        5
 Enfeeble                 Hex            0%         N/A       100%        7


Dungeon Overview and Level Annotations

Branches:
Dungeon (3/15)

Altars:
Nemelex Xobeh


Innate Abilities, Weirdness & Mutations

You are immune to sickness and miasma.
Your stone body is resilient. (AC +4)
You are immune to poison.
You resist negative energy. (rN+)
You are resistant to electric shocks. (rElec)
You are resistant to unholy torment.
You are immune to petrification.


Message History

The frilled lizard barely misses you. The gnoll completely misses you.
You hit the gnoll.
You kill the gnoll!
The gnoll hits you but does no damage. You block the gnoll's attack.
The frilled lizard bites you but does no damage.
Your Unarmed Combat skill increases to level 3!
You puncture the goblin!
You kill the goblin!
You block the gnoll's attack. The gnoll barely misses you.
The frilled lizard bites you but does no damage.
Unknown command.
The gnoll hits you from afar with a +0 halberd.
* * * LOW HITPOINT WARNING * * *
The gnoll closely misses you. The frilled lizard closely misses you.
Items here: ))) †.
The gnoll hits you but does no damage. The gnoll misses you.
You closely miss the gnoll. The gnoll barely misses you.
The frilled lizard bites you but does no damage.
The gnoll barely misses you.
You hit the gnoll.
The gnoll is moderately wounded.
The gnoll closely misses you. The gnoll barely misses you.
The frilled lizard barely misses you.
The frilled lizard bites you but does no damage.
The gnoll closely misses you. You block the gnoll's attack.
You hit the gnoll but do no damage.
The gnoll is moderately wounded.
The gnoll closely misses you. The gnoll barely misses you.
The frilled lizard closely misses you.
You puncture the gnoll!
You kill the gnoll!
You block the gnoll's attack. The frilled lizard misses you.
You hit the rat.
You kill the rat!
The frilled lizard bites you but does no damage.
The gnoll hits you with a +0 spear.
* * * LOW HITPOINT WARNING * * *
Found a stone staircase leading down.
The frilled lizard misses you. The gnoll hits you with a +0 spear.
You die...

~,,,,,,** *,* *,,,****,,*
~,**,*,,***,** **,***,,,**
~,**,**,,,*,,***** *,#**,***
,,,,,****,,,,,,,,###.#*,,*******
,,,,,,*****#,***,..#.##.***,,,,*
,,***,,,,,,#.####$......***,,,,*
,,,,,,,,,,,,,...........,,,,,,,*
,,************#)g.......**,,,,,*
.,** ###.@....#*,*,,,,,,* ,.,*
####..l#.#.....,,,,,,,*
.#.#######....#.........**,,,,,*
.#.#...........<##...##.**,,,,,*
.....#....#######*##.#*,**,*****
.....#.#### ***>.#,**,**
.#.....### *,,,...**,,**
#..#.#...##### *,,,,..,**,,**
.........>...#****,,,,,,,***,,*


You could see a gnoll and a frilled lizard.

Vanquished Creatures
  8 gnolls
  2 adders (D:2)
  2 dart slugs
  2 orcs (D:3)
  3 ball pythons
  7 endoplasms
  5 giant cockroaches
  5 goblins
  4 hobgoblins
  3 jackals (D:1)
  7 kobolds
  4 quokkas
  6 bats
  2 frilled lizards
  5 rats
65 creatures vanquished.

Notes
Turn   | Place    | Note
-------+----------+-------------------------------------------
     0 | D:1      | lonewolfV2 the Gargoyle Fighter began the quest for the
                  | Orb.
     0 | D:1      | Reached XP level 1. HP: 14/14 MP: 1/1
   500 | D:1      | Reached XP level 2. HP: 8/19 MP: 2/2
  1157 | D:1      | Identified a scroll of acquirement
  1157 | D:1      | Acquired the +8 rapier "Gac Bonweugg" {vorpal, *Corrode
                  | rC+++ Will- Str+4 Stlth+}
  1267 | D:1      | Reached XP level 3. HP: 20/23 MP: 3/3
  1355 | D:1      | Found a faded altar of an unknown god.
  1755 | D:2      | Found a sparkling altar of Nemelex Xobeh.
  1774 | D:2      | Acquired 1032 gold pieces
  1893 | D:2      | Reached XP level 4. HP: 29/29 MP: 4/4
  2088 | D:2      | Reached skill level 1 in Short Blades
  2228 | D:2      | Reached XP level 5. HP: 9/33 MP: 5/5
  2949 | D:3      | Slain by a gnoll

Illustrated notes

Levels and vault maps discovered:
D:1:      lemuel_arrival_room, layout_basic, ebering_ecumenical_altar_box
D:2:      layout_loops_ring, serial_rivers, chequers_serial_rivers_micro_e,
          chequers_serial_rivers_micro_b, chequers_serial_rivers_small_3,
          chequers_serial_rivers_micro_c, chequers_serial_rivers_micro_d,
          basic_altar
D:3:      cheibrodos_helix_gallery, layout_rooms, mainiacjoe_overflow_catwalk,
          mainiacjoe_overflow_surrounded_room, serial_shops, shop,
          nrook_mini_backslash

Skill      XL: |  1  2  3  4  5 |
---------------+----------------+-----
Short Blades   | 1 |  1.8
Armour         | 4 |  4.1
Shields        | 4 |  4.2
Fighting       | 4 |  4.1
Unarmed Combat | 3 |  3.0

Action                   |  1- 3 |  4- 6 || total
-------------------------+-------+-------++-------
Melee: Unarmed           |    66 |       ||    66
       Rapier            |    31 |    65 ||    96
  Use: Scroll            |     3 |     5 ||     8
 Stab: Sleeping          |       |     1 ||     1
Armor: Scale mail        |    80 |    46 ||   126
Dodge: Dodged            |    71 |    86 ||   157
Block: Buckler           |    20 |    35 ||    55
